AoeStats
← Rigby231231

Arabian Desert

510029534Analyzed
1v1 RM · 4d ago on Sep 29, 2026· 67m 7s· 2 players
Game mode
Random Map
Map size
Tiny (2 player)
Population
200
Speed
Normal
Resources
Standard
Victory
Conquest
Starting age
Dark Age
Ending age
Imperial Age
RankedLock teamsTeams togetherTeam positionsShared explorationLock speedFull tech treeHidden civsTurbo modeCheats
Victory
Defeat
🇺🇸 Turks · United States
390
+15
🇨🇴 Vietnamese · Colombia
361
-15
Rigby231231
14:33 Feudal Age
16:14 Double-Bit Axe
17:18 Loom
18:07 Horse Collar
18:26 Gold Mining
22:33 Stone Mining
22:52 Town Watch
28:04 Castle Age
26:41 Wheelbarrow
29:21 Bow Saw
30:01 Crossbowman
30:47 Thumb Ring
30:53 Padded Archer Armor
30:44 Fletching
31:22 Ballistics
34:19 Stone Shaft Mining
34:50 Leather Archer Armor
34:30 Bodkin Arrow
35:15 Forging
35:05 Scale Mail Armor
35:12 Scale Barding Armor
39:19 Imperial Age
38:19 Husbandry
40:57 Heavy Plow
42:00 Two-Man Saw
41:07 Town Patrol
43:31 Iron Casting
42:56 Bracer
43:12 Chain Mail Armor
43:40 Pikeman
44:20 Squires
45:08 Capped Ram
47:25 Arbalester
49:50 Elite Battle Elephant
49:53 Elite Rattan Archer
51:11 Ring Archer Armor
51:02 Chain Barding Armor
52:34 Paper Money
52:36 Cavalier
53:46 Onager
55:18 Halberdier
56:57 Plate Mail Armor
57:02 Plate Barding Armor
61:42 Hand Cart
Massappeel
10:08 Loom
13:50 Feudal Age
15:26 Horse Collar
15:09 Man-at-Arms
15:47 Gold Mining
15:53 Double-Bit Axe
17:58 Wheelbarrow
18:37 Town Watch
18:42 Arson
19:13 Bloodlines
19:54 Scale Barding Armor
19:41 Fletching
19:53 Padded Archer Armor
19:55 Scale Mail Armor
21:20 Forging
23:01 Stone Mining
27:28 Castle Age
29:41 Heavy Plow
30:27 Gold Shaft Mining
30:18 Bow Saw
31:39 Iron Casting
31:25 Chain Barding Armor
31:21 Chain Mail Armor
31:22 Leather Archer Armor
31:03 Bodkin Arrow
32:17 Devotion
32:56 Fortified Wall
33:10 Ballistics
32:47 Murder Holes
32:34 Treadmill Crane
33:07 Crossbowman
33:53 Thumb Ring
35:33 Hand Cart
35:20 Town Patrol
38:12 Imperial Age
35:43 Guard Tower
37:02 Squires
36:28 Long Swordsman
38:34 Masonry
39:40 Heavy Camel Rider
40:22 Husbandry
39:45 Cavalier
41:59 Sipahi
42:17 Hoardings
43:41 Blast Furnace
43:17 Plate Barding Armor
44:33 Elite Janissary
45:16 Artillery
45:39 Conscription
45:03 Two-Handed Swordsman
49:54 Champion
60:10 Sappers
Connection lost

Rejoining the realm…

Still unreachable

The connection could not be restored.

Session expired

The server has moved on; the page needs a fresh start.